[Event "CRO Team Cup 2019"]
[Site "Losinj"]
[Date "2019.05.16"]
[Round "3.20"]
[White "Petrov, Jole"]
[Black "Cotic, Borna"]
[Result "1-0"]
[ECO "C01"]
[WhiteElo "2406"]
[BlackElo "2103"]
[Annotator "RC"]
[PlyCount "57"]
[EventDate "2019.05.15"]
[EventType "team-tourn"]
[EventCountry "CRO"]
[SourceTitle "playchess.com"]
[Source "ChessBase"]
[SourceQuality "1"]
[TimeControl "40/5400+30:1800+30"]

1. c4 Nf6 2. Nc3 e6 3. e4 d5 4. exd5 exd5 5. cxd5 Nxd5 6. d4 Be7 7. Nf3 O-O 8. Bd3 Bg4 9. h3 Nxc3 10. bxc3 Bh5 11. Qc2 Bg6 12. Bxg6 hxg6 13. O-O c5 14. Rb1 Qc7 15. Qe4 Nc6 16. Bf4 Qd7 17. Ne5 Nxe5 18. Rxb7 Qc6 19. Qxc6 Nxc6 20. d5 Bf6 21. dxc6 Bxc3 22. Rfb1 g5 23. Bd6 Rfc8 24. c7 Ba5 25. a4 Bb4 26. Rb8 f6 27. Rxa8 Rxa8 28. Bxc5 a5 29. Bxb4 1-0

[Event "CRO Team Cup 2019"]
[Site "Losinj"]
[Date "2019.05.17"]
[Round "4.11"]
[White "Golubovic, Boris"]
[Black "Franic, Milan"]
[Result "1-0"]
[ECO "B52"]
[WhiteElo "2389"]
[BlackElo "2388"]
[Annotator "NA"]
[PlyCount "123"]
[EventDate "2019.05.15"]
[EventType "team-tourn"]
[EventCountry "CRO"]
[SourceTitle "playchess.com"]
[Source "ChessBase"]
[SourceQuality "1"]
[TimeControl "40/5400+30:1800+30"]

1. e4 c5 2. Nf3 d6 3. Bb5+ Bd7 4. Bxd7+ Qxd7 5. O-O Nc6 6. c3 Nf6 7. Re1 e6 8. d4 cxd4 9. cxd4 d5 10. e5 Ne4 11. Nbd2 Nxd2 12. Bxd2 Be7 13. Rc1 O-O 14. a3 {[%emt 0:00:00] B52: Sicilian: Moscow Variation with 3...Bd7} (14. Rc3 Rfc8 15. h4 Bd8 16. Rd3 Qc7 17. Ng5 h6 18. Nh3 Ne7 19. Bc3 b5 20. Nf4 Nf5 21. Qg4 Bxh4 22. Nh5 {½-½ (52) Nakamura,H (2769)-Grischuk,A (2766) Paris 2018}) 14... Rfc8 15. Rc3 b5 16. h4 b4 17. Rd3 bxa3 18. bxa3 Bd8 $146 ({Predecessor:} 18... Rab8 19. Nh2 Qd8 20. Qg4 Na5 21. Bh6 g6 22. h5 {½-½ (51) Krak,T (2268)-Pacher,M (2467) Pardubice 2018}) 19. Ng5 h6 20. Nh3 Ne7 21. Qg4 Nf5 22. Nf4 Qe7 23. Rh3 Rc4 24. Nxd5 exd5 25. Qxf5 Rxd4 26. Bc3 Rc4 $2 ({Better is} 26... Re4 $1 $14) 27. e6 Rac8 28. Rf3 ({Less strong is} 28. Qxd5 Bb6 $16) 28... f6 29. Bb4 Qe8 30. e7 Bb6 31. Qxd5+ Kh8 32. g3 a5 33. Bd6 ({Less strong is} 33. Bxa5 Rc1 $16) 33... Rd4 $2 (33... Rc2 {was called for.} 34. Qb7 Qb5) 34. Qb7 Rxd6 35. Qxc8 Qxc8 36. e8=Q+ Qxe8 37. Rxe8+ Kh7 38. Re2 Rd4 39. Rb3 Bc5 40. Rc2 Bd6 41. Kg2 Ra4 42. Rcc3 Kg6 43. Rd3 Bf8 44. Rb7 Rxa3 45. Rd8 Bb4 46. Rg8 Kf5 47. Rgxg7 Ra2 48. Rb5+ Ke6 49. Rg6 Bc3 50. g4 Bd4 51. Rf5 h5 52. Rfxf6+ Bxf6 53. g5 Ra4 54. Rxf6+ Ke7 55. f4 Ra2+ 56. Kf3 Ra3+ 57. Ke4 Rh3 58. Ra6 Rxh4 59. Rxa5 Rh1 60. Kf5 Rf1 61. Ra7+ Kf8 62. Rh7 1-0

[Event "CRO Team Cup 2019"]
[Site "Losinj"]
[Date "2019.05.18"]
[Round "5.7"]
[White "Jovanic, Ognjen"]
[Black "Sokac, Marko"]
[Result "1-0"]
[ECO "D36"]
[WhiteElo "2511"]
[BlackElo "2329"]
[Annotator "ChessBase"]
[PlyCount "61"]
[EventDate "2019.05.15"]
[EventType "team-tourn"]
[EventCountry "CRO"]
[SourceTitle "playchess.com"]
[Source "ChessBase"]
[SourceQuality "1"]
[TimeControl "40/5400+30:1800+30"]

1. d4 d5 2. Nf3 Nf6 3. c4 e6 4. Nc3 Be7 5. Bg5 Nbd7 6. cxd5 exd5 7. e3 O-O 8. Bd3 c6 9. Qc2 Re8 10. O-O h6 11. Bf4 Nf8 12. Rab1 Nh5 13. Be5 f6 14. Bg3 Nxg3 15. hxg3 g5 16. Bg6 Kg7 17. Bxe8 Qxe8 18. e4 dxe4 19. Qxe4 Qf7 20. d5 Bd7 21. Rfe1 Bd6 22. dxc6 Bxc6 23. Qd3 Rd8 24. Nd4 Bc7 25. Rbd1 Kh8 26. Qe2 Re8 27. Qc2 Be5 28. Nxc6 bxc6 29. Ne4 Rc8 30. Nd6 Bxd6 31. Rxd6 1-0

[Event "CRO Team Cup 2019"]
[Site "Losinj"]
[Date "2019.05.18"]
[Round "5.8"]
[White "Boric, Muhamed"]
[Black "Plenca, Jadranko"]
[Result "1/2-1/2"]
[ECO "D02"]
[WhiteElo "2342"]
[BlackElo "2468"]
[Annotator "ChessBase"]
[PlyCount "70"]
[EventDate "2019.05.15"]
[EventType "team-tourn"]
[EventCountry "CRO"]
[SourceTitle "playchess.com"]
[Source "ChessBase"]
[SourceQuality "1"]
[TimeControl "40/5400+30:1800+30"]

1. Nf3 d5 2. g3 g6 3. d4 Bg7 4. Bg2 Nf6 5. O-O Nbd7 6. Na3 Nb6 7. Bf4 c6 8. Qc1 h6 9. Ne5 Ng4 10. Nxg4 Bxg4 11. Qd2 Qd7 12. Rfe1 g5 13. Be3 Bh3 14. Red1 Bxg2 15. Kxg2 f6 16. Rh1 e5 17. Rad1 Qe6 18. Qd3 O-O-O 19. Qg6 e4 20. h4 Qd7 21. hxg5 fxg5 22. b3 Rhf8 23. c4 Qe7 24. c5 Nd7 25. Nc2 Rf6 26. Qh5 Rdf8 27. b4 Rf5 28. a4 Qe6 29. b5 Nf6 30. Qh3 Ng4 31. Qxg4 Rxf2+ 32. Kh3 R2f5 33. Kg2 Rf2+ 34. Kh3 R2f5 35. Kg2 Rf2+ 1/2-1/2

[Event "CRO Team Cup 2019"]
[Site "Losinj"]
[Date "2019.05.18"]
[Round "5.9"]
[White "Martinovic, Sasa"]
[Black "Bozanic, Ivica"]
[Result "1-0"]
[ECO "B06"]
[WhiteElo "2560"]
[BlackElo "2171"]
[Annotator "RC"]
[PlyCount "41"]
[EventDate "2019.05.15"]
[EventType "team-tourn"]
[EventCountry "CRO"]
[SourceTitle "playchess.com"]
[Source "ChessBase"]
[SourceQuality "1"]
[TimeControl "40/5400+30:1800+30"]

1. d4 d6 2. Nf3 g6 3. e4 Bg7 4. Be3 c6 5. c4 e5 6. Nc3 Bg4 7. d5 c5 8. Be2 Bxf3 9. Bxf3 h5 10. b4 b6 11. bxc5 bxc5 12. Qa4+ Kf8 13. Rb1 Nd7 14. Rb7 Nb6 15. Qa6 Ne7 16. O-O Bf6 17. a4 Rb8 18. Rxb8 Qxb8 19. Rb1 Qc8 20. Qxa7 Nd7 21. Rb7 1-0

[Event "CRO Team Cup 2019"]
[Site "Losinj"]
[Date "2019.05.18"]
[Round "5.10"]
[White "Juric, Goran"]
[Black "Cvitan, Ognjen"]
[Result "0-1"]
[ECO "D50"]
[WhiteElo "2216"]
[BlackElo "2484"]
[Annotator "ChessBase"]
[PlyCount "50"]
[EventDate "2019.05.15"]
[EventType "team-tourn"]
[EventCountry "CRO"]
[SourceTitle "playchess.com"]
[Source "ChessBase"]
[SourceQuality "1"]
[TimeControl "40/5400+30:1800+30"]

1. d4 Nf6 2. c4 e6 3. Nf3 c5 4. Nc3 cxd4 5. Nxd4 d5 6. Bg5 e5 7. Nc2 d4 8. Nd5 Be7 9. Bxf6 Bxf6 10. e4 O-O 11. b4 Be6 12. Nxf6+ Qxf6 13. Bd3 Rc8 14. Qe2 a5 15. a3 axb4 16. axb4 Rxa1+ 17. Nxa1 Qe7 18. Nc2 Na6 19. c5 Nxb4 20. Nxb4 Qxc5 21. Nc2 Bb3 22. O-O Bxc2 23. Rc1 Bxd3 24. Rxc5 Rxc5 25. Qb2 Rb5 0-1

[Event "CRO Team Cup 2019"]
[Site "Losinj"]
[Date "2019.05.18"]
[Round "5.11"]
[White "Rogic, Davor"]
[Black "Gracin, Damir"]
[Result "1-0"]
[ECO "B07"]
[WhiteElo "2498"]
[BlackElo "2092"]
[Annotator "RC"]
[PlyCount "57"]
[EventDate "2019.05.15"]
[EventType "team-tourn"]
[EventCountry "CRO"]
[SourceTitle "playchess.com"]
[Source "ChessBase"]
[SourceQuality "1"]
[TimeControl "40/5400+30:1800+30"]

1. e4 g6 2. d4 Bg7 3. c3 d6 4. Nf3 Nf6 5. Bd3 O-O 6. O-O c5 7. h3 Bd7 8. Be3 Qc8 9. Nbd2 b5 10. Qe2 a6 11. b3 Re8 12. a4 bxa4 13. bxa4 Ra7 14. Rfb1 Rb7 15. a5 Rxb1+ 16. Rxb1 cxd4 17. cxd4 Qc7 18. Nb3 Bc8 19. Nfd2 Bb7 20. d5 Nfd7 21. Rc1 Qd8 22. Nc4 Ne5 23. Nxe5 Bxe5 24. f4 Bf6 25. Bb6 Qd7 26. Rc7 Qa4 27. Qc2 Ba8 28. Qc4 Qa2 29. Ra7 1-0

[Event "CRO Team Cup 2019"]
[Site "Losinj"]
[Date "2019.05.18"]
[Round "5.12"]
[White "Grozdanic, Goran"]
[Black "Kovacevic, Vlatko"]
[Result "0-1"]
[ECO "A85"]
[WhiteElo "2014"]
[BlackElo "2470"]
[Annotator "RC"]
[PlyCount "62"]
[EventDate "2019.05.15"]
[EventType "team-tourn"]
[EventCountry "CRO"]
[SourceTitle "playchess.com"]
[Source "ChessBase"]
[SourceQuality "1"]
[TimeControl "40/5400+30:1800+30"]

1. d4 f5 2. e3 Nf6 3. c4 d6 4. Nc3 g6 5. Bd3 e5 6. Nge2 Bg7 7. O-O O-O 8. f3 Nc6 9. a3 a5 10. Rb1 Nd7 11. d5 Ne7 12. b4 axb4 13. axb4 Nf6 14. e4 f4 15. Qb3 g5 16. h3 Ng6 17. Bd2 h5 18. Kf2 g4 19. hxg4 Nxg4+ 20. Ke1 Ne3 21. Bxe3 fxe3 22. g3 h4 23. f4 hxg3 24. f5 g2 25. Rf3 Qg5 26. Rg3 Qxg3+ 27. Nxg3 g1=Q+ 28. Nf1 Nh4 29. Kd1 Nxf5 30. exf5 Bxf5 31. Kc2 Qf2+ 0-1

[Event "CRO Team Cup 2019"]
[Site "Losinj"]
[Date "2019.05.18"]
[Round "5.13"]
[White "Biti, Ozren"]
[Black "Jovanovic, Zoran"]
[Result "1/2-1/2"]
[ECO "B07"]
[WhiteElo "2366"]
[BlackElo "2512"]
[Annotator "ChessBase"]
[PlyCount "39"]
[EventDate "2019.05.15"]
[EventType "team-tourn"]
[EventCountry "CRO"]
[SourceTitle "playchess.com"]
[Source "ChessBase"]
[SourceQuality "1"]
[TimeControl "40/5400+30:1800+30"]

1. e4 d6 2. d4 Nf6 3. f3 e5 4. dxe5 dxe5 5. Qxd8+ Kxd8 6. Bc4 Ke8 7. Be3 Nbd7 8. Nc3 c6 9. a4 a5 10. Nge2 Bc5 11. Nd1 Ke7 12. Nc1 Bxe3 13. Nxe3 Nc5 14. Nb3 Nxb3 15. Bxb3 Rd8 16. Ke2 Ne8 17. Rhd1 Rxd1 18. Rxd1 Nd6 19. Nc4 Nxc4 20. Bxc4 1/2-1/2

[Event "CRO Team Cup 2019"]
[Site "Losinj"]
[Date "2019.05.18"]
[Round "5.14"]
[White "Bukal, Vladimir Jr."]
[Black "Ascic, Pero"]
[Result "1-0"]
[ECO "D03"]
[WhiteElo "2396"]
[BlackElo "2324"]
[Annotator "ChessBase"]
[PlyCount "125"]
[EventDate "2019.05.15"]
[EventType "team-tourn"]
[EventCountry "CRO"]
[SourceTitle "playchess.com"]
[Source "ChessBase"]
[SourceQuality "1"]
[TimeControl "40/5400+30:1800+30"]

1. d4 Nf6 2. Nf3 e6 3. Bg5 h6 4. Bh4 d5 5. e3 Be7 6. Nbd2 Nbd7 7. Bd3 b6 8. O-O Bb7 9. c3 Ne4 10. Bxe7 Qxe7 11. a4 O-O 12. a5 c5 13. Bb5 Nd6 14. a6 Nxb5 15. axb7 Rab8 16. Qb3 Nd6 17. Rxa7 Rxb7 18. Rxb7 Nxb7 19. Ra1 c4 20. Qb5 Nd6 21. Qb4 Nc8 22. Qxe7 Nxe7 23. Ra7 Rd8 24. e4 Kf8 25. exd5 exd5 26. Nf1 f6 27. Ne3 Kf7 28. h4 h5 29. g3 Ke6 30. Ng2 Kd6 31. Nf4 g6 32. Ne1 Rh8 33. Nc2 g5 34. Ng2 Nc6 35. Ra1 Ne7 36. f3 Nf5 37. Kf2 gxh4 38. Nxh4 Nxh4 39. gxh4 Rg8 40. Ne3 Kc6 41. Ra7 Rd8 42. Ng2 b5 43. Nf4 Nb6 44. Rf7 b4 45. Rxf6+ Kb5 46. cxb4 Ra8 47. Ne2 Na4 48. Nc3+ Kxb4 49. Nxa4 Rxa4 50. Rb6+ Ka5 51. Rd6 Rb4 52. Rxd5+ Ka4 53. Rxh5 Kb3 54. Rc5 Kxb2 55. Ke2 Kc3 56. d5 Rb1 57. Ke3 Re1+ 58. Kf2 Re5 59. f4 Rh5 60. Ke3 Rxh4 61. d6 Rh3+ 62. Ke4 Rd3 63. Rd5 1-0

[Event "CRO Team Cup 2019"]
[Site "Losinj"]
[Date "2019.05.18"]
[Round "5.15"]
[White "Filipovic, Marko"]
[Black "Dutina, Dario"]
[Result "1-0"]
[ECO "A41"]
[WhiteElo "2324"]
[BlackElo "2225"]
[Annotator "NA"]
[PlyCount "77"]
[EventDate "2019.05.15"]
[EventType "team-tourn"]
[EventCountry "CRO"]
[SourceTitle "playchess.com"]
[Source "ChessBase"]
[SourceQuality "1"]
[TimeControl "40/5400+30:1800+30"]

1. d4 d6 2. Nf3 Bg4 3. c4 Bxf3 4. gxf3 e6 5. Nc3 Ne7 6. d5 e5 7. Qb3 Qc8 8. Bh3 Nd7 9. Be3 Ng6 10. c5 dxc5 11. Bxd7+ Kxd7 12. d6 cxd6 13. Qxf7+ Be7 14. O-O-O Qg8 15. Qf5+ Qe6 16. Qe4 Kc8 17. Nd5 Rb8 18. Qa4 Qd7 19. Qxa7 Qc6 20. Kb1 Kd7 21. Qa5 b6 22. Qc3 b5 23. f4 b4 24. Qd3 exf4 25. Qf5+ Ke8 26. Bxf4 Rf8 27. Qe4 Rxf4 28. Nf6+ Rxf6 29. Qxc6+ Kf8 30. f3 Ne5 31. Qe4 b3 32. axb3 Rb4 33. Qa8+ Kf7 34. Qd5+ Kf8 35. e3 Nxf3 36. Rhf1 Ne5 37. Rxf6+ gxf6 38. Rg1 Nf7 39. Qh5 1-0

[Event "CRO Team Cup 2019"]
[Site "Losinj"]
[Date "2019.05.18"]
[Round "5.16"]
[White "Bozinovic, Bogdan"]
[Black "Vargic, Drago"]
[Result "1-0"]
[ECO "E20"]
[WhiteElo "2197"]
[BlackElo "2274"]
[Annotator "NA"]
[PlyCount "87"]
[EventDate "2019.05.15"]
[EventType "team-tourn"]
[EventCountry "CRO"]
[SourceTitle "playchess.com"]
[Source "ChessBase"]
[SourceQuality "1"]
[TimeControl "40/5400+30:1800+30"]

1. d4 e6 2. c4 Nf6 3. Nc3 Bb4 4. f3 d5 5. a3 Be7 6. e4 dxc4 7. Bxc4 O-O 8. Be3 a6 9. Nge2 b5 10. Ba2 Bb7 11. O-O Nbd7 12. Rc1 Rc8 13. b4 e5 14. d5 Ne8 15. Rb1 Nd6 16. a4 Nb6 17. Qd3 Nbc4 18. Bf2 Qd7 19. Bc5 Rfd8 20. axb5 axb5 21. Nxb5 Ba6 22. Bxc4 Nxc4 23. Bxe7 Qxe7 24. Na7 Ra8 25. Nc6 Qf6 26. Nxd8 Qb6+ 27. Kh1 Bb5 28. Nc6 Na3 29. Qd2 Nxb1 30. Rxb1 Qf2 31. Nxe5 h5 32. Qe1 Qxe2 33. Qxe2 Bxe2 34. h4 f6 35. Ng6 Bb5 36. Rc1 Be8 37. Nf4 g5 38. hxg5 fxg5 39. Ne6 g4 40. Nxc7 Rc8 41. Kh2 gxf3 42. gxf3 Kf7 43. Rc5 Bd7 44. e5 1-0

[Event "CRO Team Cup 2019"]
[Site "Losinj"]
[Date "2019.05.18"]
[Round "5.18"]
[White "Separovic, Tomislav"]
[Black "Vujakovic, Branko"]
[Result "0-1"]
[ECO "D80"]
[WhiteElo "2141"]
[BlackElo "2338"]
[Annotator "NA"]
[PlyCount "66"]
[EventDate "2019.05.15"]
[EventType "team-tourn"]
[EventCountry "CRO"]
[SourceTitle "playchess.com"]
[Source "ChessBase"]
[SourceQuality "1"]
[TimeControl "40/5400+30:1800+30"]

1. d4 Nf6 2. Nf3 g6 3. c4 Bg7 4. Nc3 d5 5. Bg5 Ne4 6. Bf4 Nxc3 7. bxc3 c5 8. cxd5 Qxd5 9. e3 cxd4 10. cxd4 Nc6 11. Be2 Qa5+ 12. Qd2 Qxd2+ 13. Kxd2 O-O 14. Rhc1 Rd8 15. Ke1 Bf5 16. a3 Rac8 17. Rc5 Nxd4 18. Rxc8 Nxf3+ 19. Bxf3 Rxc8 20. Rd1 e5 21. Bg5 f6 22. Bh4 e4 23. g4 exf3 24. gxf5 g5 25. Bg3 h5 26. h4 gxh4 27. Bxh4 Rc4 28. Rd8+ Kh7 29. Bg3 h4 30. Bf4 Rc1+ 31. Kd2 Rf1 32. e4 h3 33. Rd7 h2 0-1

[Event "CRO Team Cup 2019"]
[Site "Losinj"]
[Date "2019.05.18"]
[Round "5.19"]
[White "Blazeka, Matej"]
[Black "Jelcic, Marko"]
[Result "1-0"]
[ECO "D00"]
[WhiteElo "2357"]
[BlackElo "2109"]
[Annotator "NA"]
[PlyCount "79"]
[EventDate "2019.05.15"]
[EventType "team-tourn"]
[EventCountry "CRO"]
[SourceTitle "playchess.com"]
[Source "ChessBase"]
[SourceQuality "1"]
[TimeControl "40/5400+30:1800+30"]

1. d4 d5 2. Nc3 Nf6 3. Bf4 c6 4. e3 Bf5 5. f3 Nbd7 6. g4 Bg6 7. h4 h6 8. h5 Bh7 9. Bd3 Bxd3 10. cxd3 Qb6 11. Qd2 e6 12. Nge2 c5 13. dxc5 Nxc5 14. O-O Bd6 15. Bxd6 Qxd6 16. d4 Na6 17. Nf4 O-O 18. Rad1 Nc7 19. Rf2 Rfe8 20. Nd3 Rac8 21. Kg2 Re7 22. Rc1 Qd8 23. Qd1 Nce8 24. Rfc2 Nd6 25. b3 Rec7 26. Na4 b6 27. Ne5 Nd7 28. Nc6 Qg5 29. Ne7+ Qxe7 30. Rxc7 Rxc7 31. Rxc7 Nb5 32. Rc8+ Kh7 33. Qd3+ f5 34. Qxb5 Qg5 35. Qd3 Nf6 36. Nc3 Nxh5 37. Nxd5 g6 38. Nf4 Nxf4+ 39. exf4 Qxf4 40. Qc2 1-0

[Event "CRO Team Cup 2019"]
[Site "Losinj"]
[Date "2019.05.18"]
[Round "5.20"]
[White "Ivankovic, Ivo"]
[Black "Tomic, Stjepan"]
[Result "0-1"]
[ECO "B13"]
[WhiteElo "2081"]
[BlackElo "1876"]
[Annotator "NA"]
[PlyCount "92"]
[EventDate "2019.05.15"]
[EventType "team-tourn"]
[EventCountry "CRO"]
[SourceTitle "playchess.com"]
[Source "ChessBase"]
[SourceQuality "1"]
[TimeControl "40/5400+30:1800+30"]

1. c4 c6 2. e4 d5 3. exd5 cxd5 4. d4 Nf6 5. Nc3 Nc6 6. Nf3 Bg4 7. cxd5 Nxd5 8. Qb3 Bxf3 9. gxf3 e6 10. Qxb7 Nxd4 11. Bb5+ Nxb5 12. Qc6+ Ke7 13. Qxb5 Qd7 14. Qxd7+ Kxd7 15. Nxd5 exd5 16. O-O Bc5 17. Be3 Bxe3 18. fxe3 Rac8 19. Rad1 Ke6 20. Rf2 Rhd8 21. Rfd2 Rc7 22. Kf2 f5 23. h4 g6 24. Kg3 Ke5 25. Rd4 Rc2 26. Rb4 Rdc8 27. Rb5 R8c5 28. Rxc5 Rxc5 29. Rd4 Rb5 30. b4 a5 31. a3 h6 32. f4+ Kf6 33. Kf3 axb4 34. axb4 g5 35. hxg5+ hxg5 36. fxg5+ Kxg5 37. Ke2 Kf6 38. Kd3 Ke6 39. Kc3 Kd6 40. Rf4 Ke5 41. Kb3 Rb8 42. Ka4 Ra8+ 43. Kb5 Ra3 44. Rf1 Rxe3 45. Rb1 f4 46. Kc6 f3 0-1

[Event "CRO Team Cup 2019"]
[Site "Losinj"]
[Date "2019.05.19"]
[Round "6.14"]
[White "Ascic, Pero"]
[Black "Loncar, Robert"]
[Result "1/2-1/2"]
[ECO "C68"]
[WhiteElo "2324"]
[BlackElo "2407"]
[Annotator "RC"]
[PlyCount "63"]
[EventDate "2019.05.15"]
[EventType "team-tourn"]
[EventCountry "CRO"]
[SourceTitle "playchess.com"]
[Source "ChessBase"]
[SourceQuality "1"]
[TimeControl "40/5400+30:1800+30"]

1. e4 e5 2. Nf3 Nc6 3. Bb5 a6 4. Bxc6 dxc6 5. d4 exd4 6. Qxd4 Qxd4 7. Nxd4 Bd7 8. Be3 O-O-O 9. Nc3 Bb4 10. O-O-O Bxc3 11. bxc3 Re8 12. Nf3 Bg4 13. Bd4 Nf6 14. Bxf6 gxf6 15. Rde1 Bxf3 16. gxf3 Rhg8 17. Reg1 Rg6 18. Rg3 Re5 19. Kd2 Ra5 20. Ra1 Rh5 21. Rh1 Kd7 22. Ke3 Ra5 23. Ra1 Rc5 24. Kd4 Rh5 25. Rh1 f5 26. c4 b6 27. h4 Rgh6 28. Rg8 Rxh4 29. Rxh4 Rxh4 30. Ke5 fxe4 31. fxe4 Ke7 32. f4 1/2-1/2

[Event "CRO Team Cup 2019"]
[Site "Losinj"]
[Date "2019.05.19"]
[Round "6.15"]
[White "Sale, Srdjan"]
[Black "Filipovic, Marko"]
[Result "1/2-1/2"]
[ECO "B51"]
[WhiteElo "2443"]
[BlackElo "2324"]
[Annotator "RC"]
[PlyCount "118"]
[EventDate "2019.05.15"]
[EventType "team-tourn"]
[EventCountry "CRO"]
[SourceTitle "playchess.com"]
[Source "ChessBase"]
[SourceQuality "1"]
[TimeControl "40/5400+30:1800+30"]

1. e4 c5 2. Nf3 d6 3. Bb5+ Nd7 4. a4 a6 5. Bc4 e6 6. O-O Ngf6 7. Re1 Be7 8. d3 O-O 9. a5 d5 10. exd5 exd5 11. Bb3 Nb8 12. Ne5 Nc6 13. Nxc6 bxc6 14. Nc3 Rb8 15. Bd2 Bd6 16. h3 Bc7 17. Ne2 Nh5 18. Ra4 Qf6 19. Nd4 Nf4 20. Nf3 d4 21. Bxf4 Qxf4 22. Qe2 Rxb3 23. cxb3 Be6 24. Qe4 Bxb3 25. Qxf4 Bxf4 26. Ra3 Be6 27. g3 Bd6 28. Ng5 Bd5 29. Ne4 Be7 30. Nd2 Bg5 31. f4 Bf6 32. Nc4 g5 33. f5 Rd8 34. Rb3 g4 35. h4 h5 36. Rb6 Bxc4 37. dxc4 d3 38. Rd1 d2 39. Kf1 Rd3 40. Rxa6 Bxb2 41. Ra8+ Kg7 42. Ke2 Rxg3 43. Rxd2 Bd4 44. a6 Ra3 45. a7 Kf6 46. Kf1 Kxf5 47. Re2 Kf4 48. Re7 f5 49. Rg8 Ra1+ 50. Ke2 Ra2+ 51. Kd3 Ra3+ 52. Kc2 g3 53. a8=Q Rxa8 54. Rxa8 g2 55. Rg8 g1=Q 56. Rxg1 Bxg1 57. Rh7 Bf2 58. Rxh5 Kg4 59. Rg5+ Kf4 1/2-1/2

[Event "CRO Team Cup 2019"]
[Site "Losinj"]
[Date "2019.05.19"]
[Round "6.16"]
[White "Vargic, Drago"]
[Black "Medak, Bojan"]
[Result "1/2-1/2"]
[ECO "B08"]
[WhiteElo "2274"]
[BlackElo "2347"]
[Annotator "NA RC"]
[PlyCount "30"]
[EventDate "2019.05.15"]
[EventType "team-tourn"]
[EventCountry "CRO"]
[SourceTitle "playchess.com"]
[Source "ChessBase"]
[SourceQuality "1"]
[TimeControl "40/5400+30:1800+30"]

1. e4 d6 2. d4 Nf6 3. Nc3 g6 4. Nf3 Bg7 5. Be2 O-O 6. O-O Nc6 7. h3 e5 8. dxe5 Nxe5 9. Nxe5 dxe5 10. Qxd8 Rxd8 11. Bg5 c6 12. Rfd1 Be6 $11 13. a4 h6 14. Be3 Rxd1+ 15. Rxd1 Bf8 1/2-1/2

[Event "CRO Team Cup 2019"]
[Site "Losinj"]
[Date "2019.05.19"]
[Round "6.17"]
[White "Srbis, Jurica"]
[Black "Janzelj, Tim"]
[Result "1-0"]
[ECO "D37"]
[WhiteElo "2429"]
[BlackElo "2380"]
[Annotator "RC"]
[PlyCount "83"]
[EventDate "2019.05.15"]
[EventType "team-tourn"]
[EventCountry "CRO"]
[SourceTitle "playchess.com"]
[Source "ChessBase"]
[SourceQuality "1"]
[TimeControl "40/5400+30:1800+30"]

1. d4 Nf6 2. Nf3 d5 3. c4 e6 4. e3 Nbd7 5. Nc3 a6 6. Qc2 Be7 7. b3 b6 8. Bd3 Bb7 9. cxd5 exd5 10. O-O O-O 11. Ne5 c5 12. Bb2 Bd6 13. f4 b5 14. Bf5 g6 15. Bh3 c4 16. Nd1 Nb6 17. Nf2 Bc8 18. f5 Qc7 19. Nfg4 Ne4 20. fxg6 fxg6 21. Rxf8+ Bxf8 22. Rf1 Bf5 23. Nf6+ Nxf6 24. Bxf5 Qe7 25. Bxg6 hxg6 26. Qxg6+ Bg7 27. Ba3 Qe6 28. Bc5 Nc8 29. h4 Ne7 30. Bxe7 Qxe7 31. h5 c3 32. h6 Rf8 33. hxg7 Qxg7 34. Qf5 Qh6 35. Qe6+ Kh8 36. Ng4 Qh4 37. Qe7 Qxg4 38. Qxf8+ Ng8 39. Kf2 Qh4+ 40. Ke2 Qh2 41. Qf3 Qh7 42. Qf5 1-0

[Event "CRO Team Cup 2019"]
[Site "Losinj"]
[Date "2019.05.19"]
[Round "6.20"]
[White "Boric, Muhamed"]
[Black "Kovacevic, Veljko"]
[Result "1-0"]
[ECO "D02"]
[WhiteElo "2342"]
[BlackElo "2183"]
[Annotator "NA RC"]
[PlyCount "89"]
[EventDate "2019.05.15"]
[EventType "team-tourn"]
[EventCountry "CRO"]
[SourceTitle "playchess.com"]
[Source "ChessBase"]
[SourceQuality "1"]
[TimeControl "40/5400+30:1800+30"]

1. d4 Nf6 2. Nf3 c5 3. c3 e6 4. Bf4 Nc6 5. e3 d5 6. Nbd2 Bd6 7. Bg3 Bxg3 8. hxg3 Qd6 9. a3 {[%emt 0:29:30] D02: 1 d4 d5 2 Nf3 sidelines, including 2...Nf6 3 g3 and 2...Nf6 3 Bf4} (9. Bb5 Bd7 10. Bxc6 Bxc6 11. Ne5 Qc7 12. Qf3 h6 13. Qf4 Qe7 14. g4 Nh7 15. Qg3 Rg8 16. O-O Nf6 17. Rac1 {1-0 (29) Carlsen,M (2857)-Ghaem Maghami,E (2566) Baku 2016}) 9... a6 $146 ({Predecessor:} 9... e5 10. dxe5 Nxe5 11. Nxe5 Qxe5 12. Bb5+ Ke7 13. Qa4 {½-½ (13) Malaniuk,V (2540)-Fominyh,A (2530) Alushta 1992}) 10. Bd3 e5 11. dxe5 Nxe5 12. Nxe5 Qxe5 13. Qa4+ Bd7 14. Qf4 Qxf4 15. gxf4 Bb5 16. Ke2 Bxd3+ 17. Kxd3 O-O 18. Nf3 Ne4 19. Ke2 Rad8 20. Rad1 Rd6 21. Nd2 Rfd8 22. Nxe4 dxe4 23. Rxd6 Rxd6 24. Rh5 Rb6 25. b4 cxb4 26. axb4 f6 27. Rc5 Kf7 28. Rc7+ Kg6 29. f3 exf3+ 30. Kxf3 f5 31. g4 fxg4+ 32. Kxg4 h5+ 33. Kf3 Kf6 34. e4 g5 35. Rc5 g4+ 36. Kg3 Rc6 37. Rxh5 Rxc3+ 38. Kxg4 Rc4 39. e5+ Kg6 40. Rg5+ Kf7 41. Kf5 Rxb4 42. e6+ $18 Ke7 43. Rg7+ Kd6 44. Rd7+ Kc6 45. Rd1 1-0